Map: King's Cove LE

Players

Probe

  • Race: Protoss Protoss
  • League: Master
  • Spawn Location: 5:00

TIME (Oliveira) - Winner!

  • Race: Terran Terran
  • Spawn Location: 11:00

Event: 2019 WCS Winter Americas

VOD

Have the link to the VOD?

Description

Time

  • Played on: March 23, 2019, 1:05 p.m.
  • Length: 12:41

All games in this series

Show
View Real Time Build Order
Export as new Build Order

Probe Protoss 

Build Orders: 1 Gate Expand, Phoenix Opening 

Get SALT Encoding   

  12  0:01  Probe  
  13  0:13  Probe  
  14  0:19  Pylon  
  14  0:25  Probe  
  15  0:33  Probe  
  15  0:38  Gateway  
  15  0:41  Probe  
  16  0:47  Assimilator  
  17  0:51  Probe  
  18  1:03  Probe  
  19  1:15  Probe  
  20  1:24  Nexus  
  20  1:34  Cybernetics Core  
  20  1:37  Probe  
  21  1:44  Assimilator  
  21  1:49  Probe  
  22  1:55  Pylon  
  22  2:01  Probe  
  22  2:03  Adept  
  23  2:10  Probe  
  23  2:11  Warp Gate  
  26  2:21  Probe  
  25  2:33  Stalker  
  26  2:38  Probe  
  27  2:45  Probe  
  27  2:50  Probe  
  28  2:57  Probe  
  28  2:58  Stargate, Probe  
  30  3:06  Probe  
  30  3:09  Probe  
  32  3:16  Stalker  
  32  3:17  Probe  
  35  3:23  Probe  
  36  3:29  Probe  
  37  3:35  Phoenix, Probe  
  37  3:41  Probe  
  39  3:47  Probe  
  42  3:53  Probe  
  41  3:55  Shield Battery  
  41  3:59  Probe  
  41  4:02  Phoenix  
  44  4:04  Stalker  
  44  4:09  Pylon  
  46  4:20  Gateway  
  46  4:23  Phoenix  
  46  4:27  Probe  
  46  4:31  Stalker  
  51  4:32  Probe  
  51  4:37  Pylon  
  52  4:39  Probe  
  52  4:44  Probe  
  54  4:54  Phoenix  
  54  4:55  Probe  
  54  4:56  Probe  
  54  4:57  Twilight Council  
  54  4:59  Stalker  
  59  5:07  Probe  
  56  5:17  Probe  
  56  5:20  Probe  
  58  5:24  Oracle  
  60  5:31  Nexus  
  60  5:32  Pylon  
  59  5:38  Shield Battery  
  59  5:40  Assimilator  
  59  5:41  Charge, Probe  
  59  5:42  Probe  
  61  5:55  Shield Battery  
  61  5:59  Probe x2  
  61  6:12  Probe  
  61  6:14  Robotics Facility  
  61  6:15  Probe  
  62  6:24  Probe  
  63  6:27  Probe  
  64  6:35  Probe  
  64  6:37  Probe  
  64  6:38  Pylon  
  64  6:39  Pylon  
  66  6:40  Probe  
  66  6:43  Probe  
  66  6:45  Probe  
  67  6:49  Probe  
  67  6:51  Sentry, Probe  
  67  6:53  Probe  
  67  6:54  Shield Battery  
  72  6:57  Forge  
  72  6:58  Probe  
  75  7:02  Observer, Probe  
  75  7:05  Probe  
  75  7:08  Sentry  
  80  7:10  Probe  
  81  7:18  Gateway x2  
  81  7:21  Gateway  
  81  7:23  Protoss Ground Armor Level 1  
  81  7:25  Gateway  
  81  7:34  Gateway  
  81  7:35  Gateway  
  81  7:39  Phoenix  
  81  7:41  Zealot x2  
  81  7:42  Warp Prism  
  89  7:46  Pylon  
  89  7:48  Probe  
  89  7:49  Probe x2  
  92  7:57  Pylon  
  92  8:06  Phoenix  
  92  8:12  Zealot x4  
  94  8:17  Pylon x2  
  94  8:18  Immortal  
  104  8:22  Probe x2  
  104  8:23  Probe, Templar Archives  
  107  8:32  Zealot  
  109  8:38  Assimilator  
  109  8:39  Psionic Storm, Pylon x2  
  109  8:41  Assimilator, Pylon  
  109  8:53  Nexus  
  109  8:54  Probe x2  
  111  8:55  Pylon  
  111  8:56  Zealot x3  
  111  9:01  High Templar  
  111  9:02  Protoss Ground Armor Level 2  
  119  9:05  High Templar  
  121  9:11  Probe x2  
  121  9:14  Zealot  
  121  9:15  Zealot x2  
  129  9:17  Photon Cannon  
  129  9:24  Forge  
  129  9:34  High Templar  
  129  9:35  Zealot x4  
  139  9:40  Pylon  
  139  10:02  Zealot x7  
  155  10:07  Immortal  
  151  10:20  Zealot  
  133  10:25  Zealot x7  
Show
View Real Time Build Order
Export as new Build Order

TIME Terran - Winner!

Build Orders: Banshee Rush 

Get SALT Encoding   

  12  0:00  SCV  
  13  0:12  SCV  
  14  0:18  Supply Depot  
  14  0:25  SCV  
  15  0:40  Barracks  
  15  0:45  Refinery  
  15  0:47  SCV  
  16  0:53  Refinery  
  16  0:59  SCV  
  17  1:11  SCV  
  18  1:29  Reaper, Orbital Command  
  19  1:45  Factory  
  19  1:51  Supply Depot  
  19  1:55  SCV  
  19  2:01  Reaper  
  21  2:07  SCV  
  22  2:19  SCV  
  25  2:30  Starport, Widow Mine  
  25  2:31  SCV  
  26  2:40  Supply Depot  
  26  2:43  SCV  
  27  2:51  Widow Mine  
  29  2:55  SCV  
  30  3:09  Medivac  
  30  3:12  Widow Mine  
  34  3:19  Command Center  
  34  3:30  SCV  
  34  3:32  Supply Depot  
  35  3:35  Factory Tech Lab  
  35  3:39  Starport Tech Lab  
  35  3:42  SCV  
  36  3:55  Cyclone  
  39  3:57  Cloaking Field  
  39  3:58  Banshee  
  39  4:00  SCV  
  43  4:07  Supply Depot  
  43  4:16  SCV  
  44  4:28  SCV  
  44  4:30  Siege Tank  
  48  4:34  Orbital Command  
  48  4:37  Barracks Reactor  
  48  4:40  Banshee  
  51  4:48  SCV  
  52  4:57  Barracks  
  52  5:05  Siege Tank  
  52  5:06  SCV  
  52  5:15  SCV  
  52  5:18  Marine  
  52  5:19  Marine  
  52  5:20  SCV  
  52  5:22  Engineering Bay, Refinery  
  52  5:23  Supply Depot  
  52  5:27  SCV  
  51  5:32  SCV  
  52  5:36  Starport Reactor, Marine x2  
  52  5:39  SCV  
  55  5:44  SCV  
  55  5:47  Barracks  
  55  5:48  Terran Infantry Weapons Level 1  
  56  5:50  Supply Depot  
  56  5:51  SCV  
  56  5:54  Marine x2  
  56  5:56  SCV  
  60  6:03  SCV  
  61  6:05  Stimpack, Marine  
  61  6:08  SCV  
  63  6:12  Marine x2  
  62  6:20  SCV  
  62  6:23  Marine  
  62  6:25  Missile Turret  
  64  6:26  Missile Turret, Command Center  
  64  6:29  SCV, Factory Reactor  
  64  6:32  Marine x2  
  65  6:35  SCV  
  65  6:41  Marauder, SCV  
  65  6:44  Supply Depot  
  68  6:50  SCV, Marine x2  
  71  6:55  Barracks  
  71  6:57  Barracks  
  71  6:59  SCV  
  72  7:02  Marauder, Refinery  
  72  7:03  Marauder  
  72  7:05  Supply Depot  
  72  7:06  Widow Mine  
  72  7:08  Widow Mine  
  80  7:11  Combat Shield  
  80  7:13  SCV  
  79  7:18  Marine  
  79  7:20  SCV  
  81  7:25  Marine  
  81  7:26  Marauder x2  
  81  7:27  SCV  
  87  7:31  Widow Mine  
  87  7:32  Widow Mine  
  87  7:36  Medivac x2  
  95  7:37  Marine  
  95  7:39  SCV  
  95  7:43  Barracks Reactor, Supply Depot  
  97  7:47  Orbital Command  
  97  7:48  Barracks Tech Lab  
  97  7:51  Terran Infantry Armor Level 1  
  97  7:55  Widow Mine  
  97  7:57  Marine, Widow Mine  
  97  7:58  Marine  
  103  8:01  Marauder  
  103  8:03  Marauder  
  103  8:04  SCV  
  106  8:15  SCV  
  106  8:16  Orbital Command, Widow Mine  
  106  8:17  Medivac  
  106  8:18  Medivac, Widow Mine  
  115  8:22  Marauder, Marine  
  116  8:28  Marine  
  116  8:29  Supply Depot, Marine  
  116  8:30  Supply Depot  
  118  8:35  SCV, Ghost Academy  
  119  8:42  SCV x2  
  119  8:45  Marine x2  
  119  8:48  SCV  
  124  8:50  Supply Depot  
  124  8:52  Marine  
  124  8:54  SCV x2  
  128  8:57  Missile Turret  
  128  9:00  SCV  
  129  9:06  SCV  
  129  9:07  Ghost  
  134  9:10  Ghost x2  
  134  9:11  Marine x2  
  134  9:13  Widow Mine  
  134  9:15  Widow Mine  
  134  9:16  Marine  
  142  9:19  SCV x2  
  142  9:21  Supply Depot  
  142  9:23  Supply Depot  
  144  9:24  Marine  
  144  9:26  Medivac  
  144  9:28  Medivac  
  149  9:38  Supply Depot  
  149  9:39  Supply Depot  
  149  9:43  SCV, Marauder x3, Marine  
  149  9:44  Marine x2  
  149  9:45  Supply Depot  
  159  9:46  Supply Depot  
  159  9:47  Marine  
  159  9:52  Widow Mine  
  160  10:00  Marine  
  160  10:02  SCV, Marine x2  
  160  10:04  SCV  
  160  10:05  Marauder x3, Marine  
  171  10:09  Widow Mine  
  171  10:10  Command Center  
  166  10:18  Marine  
  166  10:21  Marine x2  
  163  10:22  SCV  
  163  10:26  Marauder  
  163  10:28  Widow Mine  
  154  10:31  Widow Mine  
  154  10:32  SCV  
  154  10:34  SCV, Marine x2  
  154  10:35  Marauder  
  153  10:36  SCV  
Tags
 
Add a new tag
Caveats
  • Supply blocks, unpowered buildings, or Contaminate may cause inaccurate times.
  • Supply counts are checked every 10 seconds.